 Dungeon Crawl Stone Soup version 0.28.0 (webtiles) character file.

Game seed: 714376502601159417

7548 raph the Nimble (level 11, -4/87 HPs)
             Began as a Merfolk Ice Elementalist on Feb 16, 2022.
             Was an Elder of Nemelex Xobeh.
             Killed from afar by an electric eel (8 damage)
             ... with a bolt of electricity
             ... in a bailey.
             The game lasted 00:18:45 (12589 turns).

raph the Nimble (Merfolk Ice Elementalist)         Turns: 12589, Time: 00:18:45

Health: -4/87      AC: 11    Str: 14    XL:     11   Next: 17%
Magic:  15/15      EV: 22    Int: 19    God:    Nemelex Xobeh [****..]
Gold:   362        SH:  0    Dex: 15    Spells: 5/16 levels left

rFire   . . .      SeeInvis .   x - +0 glaive
rCold   . . .      Faith    .   (shield currently unavailable)
rNeg    . . .      Spirit   .   u - +0 steam dragon scales
rPois   .          Reflect  .   (no helmet)
rElec   .          Harm     .   A - +0 cloak
rCorr   .          Rampage  .   p - +0 pair of gloves
Will    .....                   (boots currently unavailable)
Stlth   ++++......              (no amulet)
HPRegen 0.24/turn               E - +6 ring of strength
MPRegen 0.14/turn               q - +4 ring of protection

@: very quick
A: nimble swimmer 2, mertail
a: Renounce Religion, Draw Escape, Draw Destruction, Draw Summoning, Triple
Draw, Deal Four


You were in a bailey.
You worshipped Nemelex Xobeh.
Nemelex Xobeh was greatly pleased with you.
You visited 1 branch of the dungeon, and saw 10 of its levels.
You also visited: Bailey.

You collected 459 gold pieces.
You spent 97 gold pieces at shops.

Inventory:

Hand Weapons
 a - a +2 halberd of draining
 b - a +1 dagger
 f - a +4 dagger of speed
 j - a +0 spear
 x - a +0 glaive (weapon)
 y - a +4 trident of freezing
Missiles
 m - 22 poisoned darts
 I - 7 boomerangs
Armour
 p - a +0 pair of gloves (worn)
 u - +0 steam dragon scales (worn)
 v - a +0 pair of boots (melded)
 A - a +0 cloak (worn)
Jewellery
 k - a ring of see invisible
 q - a +4 ring of protection (right hand)
 r - an amulet of faith
 t - a ring of resist corrosion
 B - an amulet of magic regeneration
 E - a +6 ring of strength (left hand)
Wands
 d - a wand of digging (18)
 l - a wand of flame (31)
 z - a wand of acid (7)
 D - a wand of iceblast (8)
Scrolls
 i - 3 scrolls of teleportation
 n - a scroll of fog
 s - 2 scrolls of blinking
 C - a scroll of magic mapping
Potions
 c - 5 potions of lignification
 e - 3 potions of curing
 g - a potion of berserk rage
 h - a potion of ambrosia
 o - 2 potions of invisibility {unknown}
 w - 2 potions of brilliance {unknown}
 F - 2 potions of mutation
 G - a potion of cancellation {unknown}
 H - a potion of heal wounds {unknown}


   Skills:
 + Level 8.7 Fighting
 * Level 5.7 Polearms
 + Level 10.8 Dodging
 + Level 3.9 Stealth
 + Level 3.0 Spellcasting
 + Level 5.1 Conjurations
 + Level 10.7 Ice Magic
 + Level 2.7 Invocations


You had 5 spell levels left.
You knew the following spells:

 Your Spells              Type           Power      Damage    Failure   Level
a - Freeze                Ice            100%       1d11      1%          1
b - Frozen Ramparts       Ice            86%        1d10      1%          3
c - Ozocubu's Armour      Ice            43%        N/A       1%          3
d - Hailstorm             Conj/Ice       33%        3d8       6%          4

Your spell library contained the following spells:

 Spells                   Type           Power      Damage    Failure   Level
 Sandblast                Erth           4%         2d4       16%         1
 Stone Arrow              Conj/Erth      24%        3d8       16%         3
 Summon Ice Beast         Ice/Summ       23%        N/A       17%         4
 Blink                    Tloc           4%         N/A       22%         2
 Passwall                 Tmut/Erth      1%         N/A       22%         2
 Fireball                 Conj/Fire      6%         3d5       82%         5
 Manifold Assault         Tloc           2%         N/A       99%         5
 Summon Mana Viper        Hex/Summ       2%         N/A       99%         5
 Starburst                Conj/Fire      6%         6d4       100%        6
 Monstrous Menagerie      Summ           1%         N/A       100%        7
 Storm Form               Tmut/Air       1%         N/A       100%        7
 Ignition                 Fire           1%         3d3       100%        8


Dungeon Overview and Level Annotations

Branches:
Dungeon (10/15)            Temple (0/1) D:7          Bailey (1/1)
   Lair: D:8-11         Orc: D:9-12

Altars:
Dithmenos
Nemelex Xobeh
Ru
Trog
Vehumet
Wu Jian
Zin

Shops:
D:2 ?   D:8 *

Annotations:
D:7 1 runed translucent door


Innate Abilities, Weirdness & Mutations

You are very nimble when in or above water. (Stealth+, EV+, Speed+++)
Your lower body shifts to a powerful aquatic tail in water.


Message History

The electric eel shoots out a bolt of lightning at you!
The bolt of electricity misses you. The bolt of electricity hits you!
You closely miss the electric eel. You tail-slap the electric eel.
The electric eel is severely wounded.
The electric eel shoots out a bolt of lightning at you!
The bolt of electricity hits you. x2
You are too injured to fight recklessly!
You are too injured to fight recklessly!
You are too injured to fight recklessly!
You are too injured to fight recklessly!
You are too injured to fight recklessly!
You are too injured to fight recklessly!
You are too injured to fight recklessly!
You are too injured to fight recklessly!
You are too injured to fight recklessly!
You are too injured to fight recklessly!
You are too injured to fight recklessly!
You are too injured to fight recklessly!
You are too injured to fight recklessly!
You are too injured to fight recklessly!
You barely miss the electric eel.
The electric eel is severely wounded.
The electric eel shoots out a bolt of lightning at you!
The bolt of electricity hits you.
The electric eel shoots out a bolt of lightning at you!
The bolt of electricity hits you!
* * * LOW HITPOINT WARNING * * *
You barely miss the electric eel.
Your tail-slap misses the electric eel.
The electric eel is severely wounded.
The electric eel shoots out a bolt of lightning at you!
The bolt of electricity hits you.
* * * LOW HITPOINT WARNING * * *
The bolt of electricity hits you!
* * * LOW HITPOINT WARNING * * *
Okay, then.
You draw a card...
You have drawn the Tomb.
Walls emerge from the floor!
The electric eel shoots out a bolt of lightning at you!
The bolt of electricity hits you!
You die...
Your body glows with a rainbow of weird colours and disappears.

########################
≈≈≈≈≈≈≈≈≈≈≈≈≈≈≈≈≈≈≈≈≈≈≈≈
≈≈†≈≈≈≈≈≈≈≈≈≈≈≈###≈≈≈≈≈≈
≈≈≈≈≈≈≈≈≈≈≈≈≈≈≈#@S≈≈≈≈≈≈
≈≈≈≈≈≈≈≈≈≈≈≈≈≈≈#S#≈≈≈≈≈≈
≈≈≈≈≈≈≈≈≈≈≈≈≈≈≈≈≈≈≈≈≈≈≈≈
≈≈≈≈≈≈≈≈≈≈≈≈≈≈≈≈≈≈≈≈≈≈≈≈
≈≈≈≈≈≈≈≈≈≈≈≈≈≈≈≈≈≈≈≈≈≈≈≈
≈≈≈≈≈≈≈≈≈≈≈≈≈≈≈≈≈≈≈≈≈≈≈≈
≈≈≈≈######≈≈≈≈≈≈≈≈≈≈≈≈≈#
≈≈≈≈# +.............+
≈≈≈≈#


You could see 2 electric eels.

Vanquished Creatures
  2 two-headed ogres (D:9)
  Maurice (D:8)
  Maggie (D:6)
  A kobold demonologist (D:9)
  2 trolls (D:9)
  3 wyverns
  A vampire (D:9)
  3 steam dragons
  4 water moccasins
  An orc warrior (D:8)
  2 black bears (D:4)
  An ice beast (D:6)
  2 sky beasts
  2 ogres (D:5)
  A necrophage (D:6)
  4 centaurs
  A phantom (D:6)
  Blork the orc (D:6)
  3 bullfrogs
  A kobold brigand (D:7)
  4 scorpions
  A killer bee (D:9)
  4 howler monkeys
  2 wights (D:8)
  3 electric eels (Bailey)
  3 centaur zombies
  A bullfrog zombie (D:5)
  A lava snake (D:9)
  An orc priest (D:8)
  8 hounds
  A centaur skeleton (D:4)
  An iguana (D:5)
  7 orc wizards
  2 howler monkey zombies (D:9)
  6 adders
  A worm (D:3)
  2 dart slugs
  20 orcs
  6 ball pythons
  7 bats
  8 endoplasms
  4 giant cockroaches
  10 goblins
  5 hobgoblins
  13 jackals
  4 frilled lizards
  10 kobolds
  5 rats
177 creatures vanquished.

Vanquished Creatures (collateral kills)
  Harold (D:8)
  3 wights (D:8)
4 creatures vanquished.

Vanquished Creatures (others)
  A plant (D:9)
1 creature vanquished.

Grand Total: 182 creatures vanquished

Notes
Turn   | Place    | Note
-------+----------+-------------------------------------------
     0 | D:1      | raph the Merfolk Ice Elementalist began the quest for the
                  | Orb.
     0 | D:1      | Reached XP level 1. HP: 13/13 MP: 3/3
   404 | D:1      | You fall into a shaft and drop 1 floor!
   465 | D:1      | Reached XP level 2. HP: 19/19 MP: 5/5
   618 | D:1      | Reached skill level 5 in Ice Magic
  1356 | D:1      | Found a faded altar of an unknown god.
  1431 | D:1      | Reached XP level 3. HP: 24/24 MP: 3/6
  1435 | D:1      | Learned a level 3 spell: Frozen Ramparts
  2066 | D:2      | Found Oxzyuw's Magic Scroll Emporium.
  2908 | D:3      | Found a shadowy altar of Dithmenos.
  2908 | D:3      | Found a sparkling altar of Nemelex Xobeh.
  3012 | D:3      | Became a worshipper of Nemelex Xobeh the Trickster
  3223 | D:3      | Reached XP level 4. HP: 27/30 MP: 3/7
  3295 | D:2      | Learned a level 3 spell: Ozocubu's Armour
  3570 | D:3      | Reached skill level 1 in Fighting
  3570 | D:3      | Reached XP level 5. HP: 35/37 MP: 1/8
  4190 | D:3      | Found a radiant altar of Vehumet.
  4553 | D:4      | Found a bloodstained altar of Trog.
  4553 | D:4      | Noticed a black bear
  4553 | D:4      | Noticed a black bear
  4570 | D:4      | Killed a black bear
  4571 | D:4      | Reached XP level 6. HP: 46/46 MP: 2/9
  4573 | D:4      | Killed a black bear
  4662 | D:4      | Reached skill level 5 in Dodging
  4674 | D:4      | Reached XP level 7. HP: 43/52 MP: 7/10
  4877 | D:4      | Reached * piety under Nemelex Xobeh
  5519 | D:5      | Entered Level 5 of the Dungeon
  5519 | D:5      | Noticed a steam dragon
  5530 | D:5      | Killed a steam dragon
  6185 | D:5      | Reached XP level 8. HP: 61/61 MP: 7/11
  6200 | D:5      | Reached skill level 5 in Fighting
  6286 | D:5      | Learned a level 4 spell: Hailstorm
  6683 | D:2      | Bought a scroll of blinking for 97 gold pieces
  6744 | D:6      | Received a gift from Nemelex Xobeh
  6783 | D:6      | Reached skill level 1 in Conjurations
  7038 | D:6      | Noticed Maggie
  7047 | D:6      | Killed Maggie
  7139 | D:6      | Noticed Blork the orc
  7157 | D:6      | Reached XP level 9. HP: 61/69 MP: 5/12
  7162 | D:6      | Killed Blork the orc
  7271 | D:6      | Reached ** piety under Nemelex Xobeh
  7899 | D:7      | Found a staircase to the Ecumenical Temple.
  8144 | D:7      | Received a gift from Nemelex Xobeh
  8251 | D:7      | Found an ornate altar of the Wu Jian Council.
  8370 | D:7      | Reached *** piety under Nemelex Xobeh
  8395 | D:7      | Found a runed translucent door.
  9140 | D:8      | Received a gift from Nemelex Xobeh
  9145 | D:8      | Noticed Harold
  9153 | D:8      | Killed Harold
  9154 | D:8      | Reached skill level 10 in Ice Magic
  9154 | D:8      | Reached XP level 10. HP: 74/80 MP: 9/13
  9236 | D:8      | Noticed Maurice
  9255 | D:8      | Killed Maurice
  9444 | D:8      | Reached skill level 10 in Dodging
  9991 | D:8      | Found a glowing silver altar of Zin.
  9991 | D:8      | Found Zin's Purification Station.
 10368 | D:8      | Reached skill level 1 in Polearms
 10483 | D:8      | Received a gift from Nemelex Xobeh
 10979 | D:9      | Noticed a two-headed ogre
 10986 | D:9      | Killed a two-headed ogre
 10987 | D:9      | Reached skill level 1 in Invocations
 11161 | D:9      | Reached **** piety under Nemelex Xobeh
 11596 | D:9      | Noticed a two-headed ogre
 11618 | D:9      | Killed a two-headed ogre
 11619 | D:9      | Reached skill level 5 in Polearms
 11619 | D:9      | Reached skill level 5 in Conjurations
 11619 | D:9      | Reached XP level 11. HP: 72/87 MP: 4/15
 12292 | D:10     | Entered Level 10 of the Dungeon
 12302 | D:10     | Received a gift from Nemelex Xobeh
 12347 | D:10     | Found a sacrificial altar of Ru.
 12412 | D:10     | Found a flagged portal.
 12442 | Bailey   | Entered a bailey
 12588 | Bailey   | HP: 4/87 [electric eel/bolt of electricity (10)]
 12589 | Bailey   | Killed from afar by an electric eel

Illustrated notes

Levels and vault maps discovered:
D:1:      dpeg_cavernosity, layout_basic, chequers_ecumenical_altar_island
D:2:      layout_basic, serial_shops, nicolae_shop_advertising_works
          [nicolae_subvault_shop_adworks]
D:3:      layout_basic, marbit_many_paths, gammafunk_temple_overflow_wave
D:4:      layout_rooms, trog_ov_bears_minmay, minmay_misc_feat_x,
          lightli_corner_chamber
D:5:      layout_rooms
D:6:      layout_basic, hangedman_decor_riveting, uniq_blork_the_orc,
          uniq_maggie
D:7:      layout_loops_ring, mainiacjoe_overflow_surrounded_room,
          minmay_temple_entry_waves, lightli_church_of_beogh
D:8:      layout_gridville, zin_purify, uniq_harold, uniq_maurice
D:9:      layout_loops_ring, kennysheep_diamond, minmay_misc_feat_rugged,
          minmay_misc_feat_tiny, serial_bayou_pond_e, hangedman_minor_gate_pass
D:10:     layout_basic, nicolae_ru_great_annihilating_truth, enter_bailey_5
Bailey:   bailey_axe_of_yendor_kennysheep, bailey

Skill      XL: |  1  2  3  4  5  6  7  8  9 10 11 |
---------------+----------------------------------+-----
Ice Magic      | 5 6 7 8 10 | 10.7
Dodging        | 3 4 5 6 8 9 10 | 10.8
Fighting       | 1 2 3 4 6 7 8 |  8.7
Conjurations   | 2 4 5 |  5.1
Polearms       | 5 |  5.7
Invocations    | 2 |  2.7
Stealth        | 3 |  3.9
Spellcasting   | 3 |  3.0

Action                   |  1- 3 |  4- 6 |  7- 9 | 10-12 || total
-------------------------+-------+-------+-------+-------++-------
Melee: Dagger            |    41 |    24 |    63 |       ||   128
       Punch             |     1 |       |     1 |       ||     2
       Halberd           |       |       |    89 |    16 ||   105
       Glaive            |       |       |       |   152 ||   152
       Tailslap          |       |       |       |     2 ||     2
Throw: Dart              |       |       |       |     1 ||     1
 Cast: Freeze            |    36 |     5 |    16 |     5 ||    62
       Frozen Ramparts   |     7 |    15 |    25 |    16 ||    63
       Ozocubu's Armour  |       |     4 |    10 |     9 ||    23
       Hailstorm         |       |       |     1 |     2 ||     3
Invok: Draw Destruction  |       |       |     3 |     4 ||     7
       Draw Summoning    |       |       |     1 |     1 ||     2
       Draw Escape       |       |       |       |     2 ||     2
Evoke: Wand              |       |     3 |     1 |       ||     4
  Use: Scroll            |     4 |       |     9 |     4 ||    17
       Potion            |       |       |       |     2 ||     2
 Stab: Sleeping          |     2 |     1 |     3 |     5 ||    11
       Invisible         |       |       |       |     1 ||     1
       Paralysed         |       |       |       |     1 ||     1
Armor: Robe              |    10 |    12 |    20 |       ||    42
       Steam dragon scal |       |       |    41 |    90 ||   131
Dodge: Dodged            |    46 |    27 |   169 |   241 ||   483
